Unix xNetHack Version 7.1.0 - last build Jun 10 2022 16:52:22 (33bbff3b7d1ce07880d5c4b1c5efc7e91935e5b9). Game began 2022-06-24 20:30:34, ended 2022-06-25 08:34:38. elenmirie, neutral female human Tourist ----- ....| |..<| +...| -------- |...| |e..:.:| |....# |.s....| -----# |..vo:n| # ---.---- # ## # # # ### # # # # ## #### #-@----- #-u)...| |..)..| ------- Elenmirie the Excursionist St:16 Dx:13 Co:14 In:12 Wi:11 Ch:14 Neutral Dlvl:7 $:596 HP:0(46) Pw:31(31) AC:1 Xp:7/1136 T:5758 Latest messages: You see here a stone statue of a wood nymph. You see here a stone statue of a newt. You see here a stone statue of an orc shaman. You see here a stone statue of a dust vortex. In what direction? b The dart hits the ghoul! The ghoul hits! The ghoul scratches you! In what direction? b The dart hits the ghoul! In what direction? b The dart hits the ghoul! In what direction? b You throw 2 darts. The 1st dart hits the ghoul! The 2nd dart hits the ghoul! You destroy the ghoul! a - 5 uncursed +2 darts (at the ready) {5}. The werejackal bites! In what direction? b You kill the werejackal! a - an uncursed +2 dart (at the ready) {1}. In what direction? n You throw 2 darts. The 1st dart hits the horse! The 2nd dart hits the horse! In what direction? n You throw 2 darts. In what direction? n The dart hits the horse! The horse kicks! The horse bites! The horse kicks! The horse bites! In what direction? n The dart hits the horse! The horse kicks! The horse bites! In what direction? n You throw 2 darts. The horse just misses! The horse misses! The horse kicks! The horse bites! You die... Do you want your possessions identified? [ynq] (y) y Do you want to see your attributes? [ynq] (y) y Do you want an account of creatures vanquished? [ynaq] (y) y Do you want to see your conduct and achievements? [ynq] (y) y Do you want to see the dungeon overview? [ynq] (y) y Major events: Turn 1: elenmirie the neutral female human Tourist entered the dungeon 871: attained the rank of Sightseer (level 3) 1307: entered the Gnomish Mines 2844: attained the rank of Excursionist (level 6) 3439: reached Mine Town 5758: killed by a horse Inventory: Inventory: 782/800 weight (38/52 slots) Coins $ - 596 gold pieces {6} Amulets U - an uncursed silver amulet of ESP (being worn) {25} Weapons a - 5 uncursed +2 darts (at the ready) {5} T - a blessed rustproof +0 dagger {10} y - an uncursed +1 dagger {10} x - 6 uncursed +0 daggers {60} R - an uncursed +0 elven dagger {10} B - an uncursed +0 silver aklys (tethered weapon in hand) {16} Armor r - an uncursed +0 mithril dwarvish helm (being worn) {19} C - an uncursed +0 pair of elven boots (being worn) {12} t - an uncursed +0 dwarvish cloak (being worn) {8} k - an uncursed +0 Hawaiian shirt with a giant eel motif (being worn) {4} w - a blessed +1 mithril elven ring mail (being worn) {88} Comestibles E - 4 uncursed eucalyptus leaves {4} b - 4 uncursed food rations {80} d - 3 uncursed fortune cookies {3} M - an uncursed lembas wafer {5} Scrolls g - an uncursed scroll of blank paper {5} N - 2 uncursed scrolls of create monster {10} u - a cursed scroll of identify {5} p - an uncursed scroll of light {5} j - 3 blessed scrolls of magic mapping {15} i - 3 uncursed scrolls of magic mapping {15} f - an uncursed scroll of teleportation {5} Q - a cursed scroll of water {5} Potions A - an uncursed potion of blindness {20} z - 4 uncursed potions of booze {80} Z - a cursed potion of booze {20} D - an uncursed potion of gain energy {20} Y - an uncursed potion of healing {20} V - an uncursed potion of invisibility {20} q - 2 uncursed potions of object detection {40} Rings s - a blessed +1 ring of adornment {3} o - an uncursed +1 ring of gain constitution {3} Wands v - an uncursed wand of polymorph (0:6) {7} Tools m - an uncursed expensive camera (0:48) {12} O - an uncursed +0 pick-axe {100} e - an uncursed skeleton key {3} P - an uncursed stethoscope {4} Elenmirie the Tourist's attributes: Background: You were an Excursionist, a level 7 female human Tourist. You were neutral, on a mission for The Lady who was opposed by Blind Io (lawful) and Offler (chaotic). You were heterosexual. You were in the Dungeons of Doom, on level 7. You entered the dungeon 5758 turns ago. You had 1136 experience points, 144 more were needed to attain level 8. Basics: You had 0 out of 46 hit points. You had all 31 energy points (spell power). Your armor class was 1. Your wallet contained 596 zorkmids. Autopickup was on for '$' plus thrown. Final Characteristics: Your strength was 16 (limit:18/100). Your dexterity was 13 (limit:18). Your constitution was 14 (limit:18). Your intelligence was 12 (limit:18). Your wisdom was 11 (limit:18). Your charisma was 14 (limit:18). Final Status: You were not hungry. You were unencumbered. You were wielding a club. You had no skill with club. Final Attributes: You were piously aligned. You were telepathic. You were stealthy. You were guarded. You are dead. Miscellaneous: You never encountered a bones level. Total elapsed playing time was 2 hours, 2 minutes and 16 seconds. Vanquished creatures: a small mimic a tengu a giant beetle a gnome ruler a dog a blue jelly a dust vortex a soldier ant a fog cloud a shrieker 7 gnome leaders 2 gnomish wizards a gray ooze an elf zombie a ghoul a giant ant 2 little dogs a floating eye 10 dwarves a homunculus a rothe 2 rabid rats 2 giant bats 2 dwarf zombies 2 werejackals an acid blob a coyote 4 hobbits 2 large kobolds 3 giant rats a yellow mold a green mold 2 red molds 37 gnomes 2 gnome zombies 4 geckos 4 jackals 2 foxes a sewer rat 6 grid bugs 9 lichens 4 newts 130 creatures vanquished. No species were genocided or became extinct. Voluntary challenges: You read items or engraved 4 times. You never genocided any monsters. You never polymorphed an object. You never changed form. You never touched an artifact. You used no wishes. You never owned a pet. You never scared an enemy with impunity. You were celibate. You never generated conflict. Achievements: You entered a shop. You attained the rank of Sightseer. You entered the Gnomish Mines. You attained the rank of Excursionist. You entered Minetown. You entered a temple. The Dungeons of Doom: levels 1 to 7 Level 1: A fountain. Level 2: A general store, a fountain, a sink, some trees. Level 3: Stairs down to The Gnomish Mines. Level 4: A fountain, a tree. Level 5: A grave. Level 6: An altar, some fountains. Level 7: <- You were here. Final resting place for you, killed by a horse. The Gnomish Mines: levels 4 to 8 Level 4: Level 5: Level 6: Level 7: Many shops, a temple to The Lady, some fountains. Level 8: Game over: __________ / \ / REST \ / IN \ / PEACE \ / \ | elenmirie | | 596 Au | | killed by a | | horse | | | | | | 2022 | *| * * * | * _________)/\\_//(\/(/\)/\//\/|_)_______ Aloha elenmirie the Tourist... You died in The Dungeons of Doom on dungeon level 7 with 5318 points, and 596 pieces of gold, after 5758 moves. You were level 7 with a maximum of 46 hit points when you died.